 Dungeon Crawl Stone Soup version 0.22-a0-866-geee5034 (webtiles) character file.

49 Amnesiac the Magician (level 3, -7/24 HPs)
             Began as a Mummy Wizard on July 28, 2018.
             Mangled by a worm (12 damage)
             ... on level 2 of the Dungeon.
             The game lasted 00:02:35 (1015 turns).

Amnesiac the Magician (Mummy Wizard)                Turns: 1015, Time: 00:02:35

Health: -7/24      AC:  2    Str: 10    XL:     3   Next: 53%
Magic:  1/10       EV: 12    Int: 18    God:
Gold:   31         SH:  0    Dex: 10    Spells: 2/13 levels left

rFire    x . .     SeeInvis .   g - +0 hunting sling
rCold    + . .     Gourm    .   (no shield)
rNeg     + + +     Faith    .   a - +0 robe
rPois    ∞         Spirit   .   b - +0 hat
rElec    .         Reflect  .   (no cloak)
rCorr    .         Harm     .   (no gloves)
MR       .....                  (no boots)
Stlth    ++........             (no amulet)
HPRegen  0.08/turn              (no ring)
MPRegen  0.12/turn              (no ring)

@: very slightly contaminated
A: no food or potions, fire vulnerability, cold resistance 1, negative energy
resistance 3, torment resistance, unbreathing
a: no special abilities


You were on level 2 of the Dungeon.
You were not hungry.

You visited 1 branch of the dungeon, and saw 3 of its levels.

You collected 31 gold pieces.

Inventory:

Hand Weapons
 g - a +0 hunting sling (weapon)
Armour
 a - a +0 robe (worn)
 b - a +0 hat (worn)
Scrolls
 c - a scroll of enchant armour {!r, unknown}
 d - a scroll of identify {!r, unknown}
 e - a scroll of fear {!r, unknown}
 f - a scroll of remove curse {!r, unknown}


   Skills:
 - Level 1.5 Dodging
 - Level 1.5 Stealth
 + Level 5.8 Spellcasting
 - Level 0.7 Conjurations
 - Level 0.7 Summonings
 - Level 0.7 Translocations


You had 2 spell levels left.
You knew the following spells:

 Your Spells              Type           Power        Failure   Level  Hunger
a - Magic Dart            Conj           #...         9%          1    N/A
b - Call Imp              Summ           #.......     14%         2    N/A
e - Mephitic Cloud        Conj/Pois/Air  #.......     32%         3    N/A
s - Conjure Flame         Conj/Fire      #.......     32%         3    N/A
v - Blink                 Tloc           N/A          14%         2    N/A

Your spell library contained the following spells:

 Spells                   Type           Power        Failure   Level  Hunger
 Slow                     Hex            #.......     19%         2    N/A

Dungeon Overview and Level Annotations

Branches:
Dungeon (3/15)

Altars:


Innate Abilities, Weirdness & Mutations

You do not eat or drink.
Your flesh is vulnerable to fire.
You are immune to poison.
Your flesh is cold resistant. (rC+)
You are immune to negative energy. (rN+++)
You are immune to unholy pain and torment.
You can survive without breathing.


Message History

Firing (i - inventory)
h - 5 stones (quivered)
Press: ? - help, Shift-Dir - straight line, f/p - worm
Aim: a worm (moderately wounded)
You shoot a stone. The stone hits the worm.
The worm is heavily wounded.
Casting: Magic Dart (safe; 9% risk of failure)
Confirm with . or Enter, or press ? or * to list all spells.
You don't have enough magic to cast that spell.
Firing (i - inventory)
h - 4 stones (quivered)
Press: ? - help, Shift-Dir - straight line, f/p - worm
Aim: a worm (heavily wounded)
You shoot a stone.
The stone hits the worm but does no damage.
The worm is heavily wounded.
The worm bites you.
Casting: Magic Dart (safe; 9% risk of failure)
Confirm with . or Enter, or press ? or * to list all spells.
Aiming: Magic Dart (safe; 9% risk of failure)
Press: ? - help, Shift-Dir - straight line, f/p - worm
Aim: a worm (heavily wounded)
You miscast Magic Dart.
Nothing appears to happen.
The worm bites you.
Firing (i - inventory)
h - 3 stones (quivered)
Press: ? - help, Shift-Dir - straight line, f/p - worm
Aim: a worm (heavily wounded)
You shoot a stone. The stone completely misses the worm.
Casting: Magic Dart (safe; 9% risk of failure)
Confirm with . or Enter, or press ? or * to list all spells.
You don't have enough magic to cast that spell.
Firing (i - inventory)
h - 2 stones (quivered)
Press: ? - help, Shift-Dir - straight line, f/p - worm
Aim: a worm (heavily wounded)
You shoot a stone. The stone barely misses the worm.
The worm bites you.
Casting: Magic Dart (safe; 9% risk of failure)
Confirm with . or Enter, or press ? or * to list all spells.
You don't have enough magic to cast that spell.
Firing (i - inventory)
h - a stone (quivered)
Press: ? - help, Shift-Dir - straight line, f/p - worm
Aim: a worm (moderately wounded)
You shoot a stone. The stone hits the worm.
The worm is heavily wounded.
The worm bites you!
* * * LOW HITPOINT WARNING * * *
Casting: Magic Dart (safe; 9% risk of failure)
Confirm with . or Enter, or press ? or * to list all spells.
You don't have enough magic to cast that spell.
You are too injured to fight recklessly!
Found a scroll labeled KOSSEN ZYSOA.
Found an escape hatch in the floor.
Firing (i - inventory) No suitable missiles.
Press: ? - help, Shift-Dir - straight line, f/p - worm
Aim: a worm (moderately wounded)
Okay, then.
Quiver which item? (- for none, * to show all) (? for menu, Esc to quit)
Okay, then.
Search for what [Enter for "sto", or ? for help]? bul Can't find anything matching that.
Unknown command.
Wield which item (- for none, * to show all)? (? for menu, Esc to quit)
Okay, then.
There is a stone staircase leading up here.
You climb upwards.
There is a stone staircase leading down here.
The worm bites you!
Ouch! That really hurt!
You die...

#. ... .# ... .. (# #(..#.
#..#.##.# ...... ##...†...
#...# ........# #...# #.
#)#####...######
#.#..#..............##
#.......w)............
#.#.##.@>...........#
#.##.#####...###### .....#
#...# #(#### #...# # #.#
#...# # #.# #...#
############.# ##.##
..#........[.#########.#
..#.##.#†##..........#.#####
###


You could see a worm.

Vanquished Creatures
  3 adders (D:2)
  A dart slug (D:1)
  A leopard gecko (D:3)
  4 bats
  2 hobgoblins (D:2)
  A kobold (D:2)
  A quokka (D:2)
  2 frilled lizards (D:2)
  4 goblins
19 creatures vanquished.

Notes
Turn   | Place    | Note
-------+----------+-------------------------------------------
     0 | D:1      | Amnesiac the Mummy Wizard began the quest for the Orb.
     0 | D:1      | Reached XP level 1. HP: 13/13 MP: 5/5
   303 | D:1      | Reached XP level 2. HP: 19/19 MP: 4/7
   307 | D:1      | Learned a level 2 spell: Blink
   310 | D:1      | Learned a level 2 spell: Call Imp
   352 | D:2      | Reached skill level 5 in Spellcasting
   543 | D:2      | Reached XP level 3. HP: 23/24 MP: 0/10
   548 | D:2      | Learned a level 3 spell: Conjure Flame
   552 | D:2      | Learned a level 3 spell: Mephitic Cloud
  1015 | D:2      | Mangled by a worm

Vault maps used:
D:1:      dpeg_arrival_stonehenge_8_columns
D:2:      first_ration, corexii_item_surrounded_by_moat
D:3:      st_stairs_13, minmay_misc_feat_nine_boxes, grunt_qazlal_clouds,
          uniq_terence

Skill      XL: |  1  2 |
---------------+-------+-----
Spellcasting   | 5 |  5.8
Dodging        | |  1.5
Stealth        | |  1.5
Conjurations   | |  0.7
Summonings     | |  0.7
Translocations | |  0.7

Action                   || total
-------------------------++-------
Melee: Unarmed           ||     2
 Fire: Hunting sling     ||    11
 Cast: Magic Dart        ||    55
       Blink             ||    16
Armor: Robe              ||     2
Dodge: Dodged            ||     8

Table legend:
 A = Spawn XP
 B = Non-spawn XP
 C = Spawn XP percentage of total XP
 D = Spawn monster count
 E = Non-spawn monster count
 F = Spawn count percentage of total count
 G = Total turns spent on level
                    A         B        C        D         E        F      G
               +---------+---------+-------+---------+---------+-------+---------
         Total |       0 |      71 |   0.0 |       0 |      19 |   0.0 |  1015
               +---------+---------+-------+---------+---------+-------+---------
           D:1 |       0 |       8 |   0.0 |       0 |       4 |   0.0 |    56
           D:2 |       0 |      58 |   0.0 |       0 |      13 |   0.0 |   922
           D:3 |       0 |       5 |   0.0 |       0 |       2 |   0.0 |    37
               +---------+---------+-------+---------+---------+-------+---------
